AoeStats
← Calaquende

Nomad

510294818Analyzed
2v2 RM · 1d ago on Sep 30, 2026· 42m 11s· 4 players
Game mode
Random Map
Map size
176×176
Population
200
Speed
Normal
Resources
Standard
Victory
Conquest
Starting age
Dark Age
Ending age
Imperial Age
RankedLock teamsTeams togetherTeam positionsShared explorationLock speedFull tech treeHidden civsTurbo modeCheats
Victory
Defeat
🇪🇸 Lithuanians · Spain
1442
+14
🇦🇺 Persians · Australia
1301
+19
🇩🇪 Varangians · Germany
1397
-17
🇩🇪 Burgundians · Germany
1374
-16
Calaquende
6:41 Loom
12:30 Feudal Age
16:51 Castle Age
16:31 Double-Bit Axe
22:31 Bow Saw
23:13 Bow Saw
23:28 Fletching
26:18 Horse Collar
30:27 Ballistics
30:50 Bodkin Arrow
30:55 Fishing Lines
32:41 Wheelbarrow
31:51 Town Watch
34:21 Hand Cart
34:54 Gillnets
38:24 Imperial Age
37:18 Scale Mail Armor
37:28 Forging
37:21 Heavy Plow
37:34 Squires
37:20 Gambesons
39:42 Chain Mail Armor
40:02 Iron Casting
38:55 Elite Varangian Guard
42:27 Plate Mail Armor
42:57 Blast Furnace
Jordan Belfort
5:32 Loom
10:58 Double-Bit Axe
15:11 Feudal Age
14:17 Fishing Lines
19:23 Castle Age
18:38 Bow Saw
18:44 Scale Mail Armor
23:58 Chain Mail Armor
25:17 Arson
27:39 Forging
28:27 Gold Mining
28:58 Squires
36:22 Gold Shaft Mining
37:18 Iron Casting
MISTER COLLEJAS
2:54 Loom
12:32 Feudal Age
13:54 Double-Bit Axe
15:59 Wheelbarrow
15:10 Town Watch
19:39 Castle Age
18:03 Stone Mining
18:09 Fishing Lines
18:50 Gold Mining
19:21 Horse Collar
21:51 Heavy Plow
28:21 Scale Barding Armor
29:31 Bloodlines
29:22 Husbandry
32:20 Chain Barding Armor
35:19 Imperial Age
33:28 Forging
33:37 Bow Saw
34:29 Stone Shaft Mining
35:18 Iron Casting
35:56 Hand Cart
37:45 Plate Barding Armor
37:38 Elite Leitis
38:53 Fletching
39:05 Hill Forts
40:36 Bodkin Arrow
41:39 Bracer
BeardyNath
13:19 Feudal Age
16:44 Castle Age
15:10 Double-Bit Axe
17:20 Medium Warships
17:24 Bow Saw
18:28 Loom
19:19 Wheelbarrow
20:23 Horse Collar
21:26 Heavy Plow
22:52 Scale Barding Armor
24:02 Fletching
25:32 Husbandry
36:31 Bloodlines
36:22 Husbandry
37:22 Chain Barding Armor
39:38 Imperial Age
37:25 Hand Cart
37:57 Gold Mining
39:10 Forging
40:38 Plate Barding Armor
39:47 Cavalier
40:44 Bodkin Arrow
40:48 Light Cavalry
Connection lost

Rejoining the realm…

Still unreachable

The connection could not be restored.

Session expired

The server has moved on; the page needs a fresh start.